 Dungeon Crawl Stone Soup version 0.17.0-25-gefc9c12 (webtiles) character file.

136 septik the Firebug (level 4, -1/24 HPs)
             Began as a Deep Elf Fire Elementalist on Nov 19, 2015.
             Was a Follower of Vehumet.
             Slain by a centaur (9 damage)
             ... on level 3 of the Dungeon.
             The game lasted 00:08:52 (2012 turns).

septik the Firebug (Deep Elf Fire Elementalist)     Turns: 2012, Time: 00:08:53

Health: -1/24      AC:  4    Str:  5    XL:     4   Next: 98%
Magic:  5/12       EV: 13    Int: 21    God:    Vehumet [*.....]
Gold:   70         SH:  0    Dex: 15    Spells: 3 memorised, 3 levels left

rFire  . . .     SeeInvis .     g - +0 whip
rCold  . . .     Clarity  .     a - +0 robe
rNeg   . . .     SustAt   .     (no shield)
rPois  .         Gourm    .     I - +0 helmet
rElec  .         Spirit   .     l - +0 cloak
rCorr  .         Warding  .     (no gloves)
rMut   .         Stasis   .     (no boots)
MR     .....                    (no amulet)
Stlth  ++........               (no ring)
                                (no ring)

@: not resistant to hostile enchantments, unstealthy
A: no striking features
a: Renounce Religion


You were on level 3 of the Dungeon.
You worshipped Vehumet.
Vehumet was aware of your devotion.
You were not hungry.

You visited 1 branch of the dungeon, and saw 3 of its levels.

You collected 70 gold pieces.

Inventory:

Hand Weapons
 g - a +0 whip (weapon)
 E - a +0 hand axe of electrocution
 F - a +1 hunting sling of evasion
Missiles
 h - 23 stones (quivered)
Armour
 a - a +0 robe (worn)
 l - a +0 cloak (worn)
 I - a +0 helmet (worn)
Jewellery
 i - an uncursed ring of flight
 j - a +3 ring of intelligence
Wands
 s - a wand of frost (18)
Scrolls
 m - a scroll of random uselessness {unknown}
 n - a scroll of fog
 o - 3 scrolls of magic mapping {unknown}
 p - 2 scrolls of recharging {unknown}
 q - a scroll of amnesia {unknown}
 u - a scroll of fear {unknown}
 v - a scroll of remove curse
 w - a scroll of identify {unknown}
 y - a scroll of immolation {unknown}
 B - a scroll of enchant armour {unknown}
 H - 3 scrolls of enchant weapon {unknown}
Potions
 e - 2 potions of mutation {unknown}
 r - 3 potions of curing
 t - a potion of flight {unknown}
 x - 3 potions of might {unknown}
 z - a potion of heal wounds {unknown}
 A - a potion of poison {unknown}
 C - 2 potions of invisibility {unknown}
Books
 b - a book of Flames

   Spells                             Type                      Level
   a - Flame Tongue                   Conjuration/Fire             1
   b - Throw Flame                    Conjuration/Fire             2
   c - Conjure Flame                  Conjuration/Fire             3
   d - Inner Flame                    Hexes/Fire                   3
   e - Sticky Flame                   Conjuration/Fire             4
   f - Fireball                       Conjuration/Fire             5
Comestibles
 c - 2 bread rations
 d - a beef jerky
 f - 7 chunks of flesh
 k - a royal jelly
 D - a slice of pizza
 G - a meat ration


   Skills:
 - Level 2.8 Dodging
 - Level 2.5 Stealth
 + Level 4.0 Spellcasting
 * Level 2.6 Conjurations
 * Level 5.0 Fire Magic


You had 3 spell levels left.
You knew the following spells:

 Your Spells              Type           Power        Failure   Level  Hunger
a - Flame Tongue          Conj/Fire      ###..        2%          1    None
b - Conjure Flame         Conj/Fire      ###.....     10%         3    ###....
c - Sticky Flame          Conj/Fire      ###.....     28%         4    ####...


Dungeon Overview and Level Annotations

Branches:
Dungeon (3/15)

Altars:
Vehumet


Message History

Aiming: Flame Tongue
Press: ? - help, Shift-Dir - straight line, f/p - centaur
Aim: a centaur, wielding a shortbow (lightly wounded)
The flame tongue misses the centaur.
The centaur shoots an arrow.
The arrow hits you but does no damage.
Casting: Flame Tongue
Confirm with . or Enter, or press ? or * to list all spells.
You don't know that spell.
Casting: Flame Tongue
Confirm with . or Enter, or press ? or * to list all spells.
Aiming: Sticky Flame
Press: ? - help, Shift-Dir - straight line, f/p - centaur
Aim: a centaur, wielding a shortbow (lightly wounded)
The sticky flame hits the centaur.
The centaur is heavily wounded.
The centaur is covered in liquid flames!
The centaur burns!
The centaur unwields an uncursed shortbow.
The centaur hits you!
You die...

##.####### #.)...##. # #
#####.... #. ...######..#
#c #.......... #†#
###^....... #.. #...#..###
#'##### #..###....#
########.c@..+ ... #.##.#
#......#.###.# #### #.##.#
#......#.# #.# ##.###..##.#
#......#.###.# #......###..
#....).'.....###...########
#......#####'#...........##
######## #...#...#####...
######.## #### ###


You could see a centaur (burning).

Vanquished Creatures
  Robin (D:3)
  3 adders
  An ooze (D:1)
  4 worms
  A giant gecko (D:1)
  2 orcs (D:3)
  A ball python (D:1)
  9 bats
  15 goblins
  11 hobgoblins
  6 jackals
  9 kobolds
  2 giant cockroaches
  7 giant newts
  9 rats
81 creatures vanquished.

Notes
Turn   | Place    | Note
--------------------------------------------------------------
     0 | D:1      | septik the Deep Elf Fire Elementalist began the quest for the Orb.
     0 | D:1      | Reached XP level 1. HP: 10/10 MP: 6/6
   112 | D:1      | Reached XP level 2. HP: 9/15 MP: 4/8
   312 | D:1      | Reached skill level 4 in Fire Magic
   568 | D:1      | Reached XP level 3. HP: 19/19 MP: 4/9
   597 | D:1      | Learned a level 3 spell: Conjure Flame
   862 | D:2      | Found a radiant altar of Vehumet.
   876 | D:2      | Became a worshipper of Vehumet
  1326 | D:2      | Reached XP level 4. HP: 24/24 MP: 0/11
  1386 | D:2      | Reached * piety under Vehumet
  1386 | D:2      | Offered knowledge of Sting by Vehumet.
  1601 | D:3      | Noticed Robin
  1787 | D:3      | Killed Robin
  1931 | D:3      | Reached skill level 5 in Fire Magic
  1958 | D:3      | Learned a level 4 spell: Sticky Flame
  2005 | D:3      | Noticed a centaur
  2012 | D:3      | Slain by a centaur

Action                   |  1- 3 |  4- 6 || total
-------------------------+-------+-------++-------
Melee: Whip              |     6 |    28 ||    34
Throw: Stone             |       |     1 ||     1
 Cast: Flame Tongue      |    85 |    49 ||   134
       Conjure Flame     |     3 |     2 ||     5
       Sticky Flame      |       |     1 ||     1
  Use: Scroll            |     2 |       ||     2
       Potion            |       |     1 ||     1
  Eat: Chunk             |     1 |     3 ||     4
